 Dungeon Crawl Stone Soup version 0.20-a0-848-g73d9be0 (webtiles) character file.

78 kidcy the Cudgeler (level 4, -2/38 HPs)
             Began as a Barachian Monk on Mar 9, 2017.
             Slain by an orc
             ... wielding a +0 hand axe
              (4 damage)
             ... on level 3 of the Dungeon.
             The game lasted 00:03:43 (2353 turns).

kidcy the Cudgeler (Barachian Monk)                 Turns: 2353, Time: 00:03:44

Health: -2/38      AC:  6    Str: 19    XL:     4   Next: 36%
Magic:  13/13      EV: 17    Int: 10    God:
Gold:   147        SH:  0    Dex: 19    Spells: 3/3 levels left

rFire    . . .     SeeInvis +   b - +1 mace (crush)
rCold    . . .     Gourm    .   m - +0 scale mail
rNeg     . . .     Faith    .   (no shield)
rPois    .         Spirit   .   (no helmet)
rElec    .         Reflect  .   (no cloak)
rCorr    .         Harm     .   (no gloves)
MR       .....                  (no boots)
Stlth    ++........             (no amulet)
Regen    0.2/turn               i - ring of see invisible
MPRegen  0.2/turn               f - ring of magical power

@: mighty, agile, about to teleport, slow
A: +LOS, swims, slowness 1, strong legs 1
a: Hop


You were on level 3 of the Dungeon.
You were not hungry.

You visited 1 branch of the dungeon, and saw 3 of its levels.

You collected 147 gold pieces.

Inventory:

Hand Weapons
 b - a +1 mace of crushing (weapon)
Armour
 j - a +0 chain mail
 m - a +0 scale mail (worn)
Jewellery
 f - a ring of magical power (left hand)
 i - a ring of see invisible (right hand)
Scrolls
 e - 2 scrolls of fog
Potions
 l - a potion of curing {unknown}
Comestibles
 c - a royal jelly
 d - 2 meat rations
 h - 2 bread rations
 n - 5 chunks of flesh


   Skills:
 + Level 4.3 Fighting
 * Level 4.6 Maces & Flails
 + Level 1.7 Armour
 - Level 3.2 Dodging
 - Level 1.7 Stealth


You had 3 spell levels left.
You didn't know any spells.

Dungeon Overview and Level Annotations

Branches:
Dungeon (3/15)

Altars:
Elyvilon
Fedhas
Makhleb
Trog
Yredelemnul
Zin

Annotations:
D:2 exclusion: upstairs


Innate Abilities, Weirdness & Mutations

Shadows flee at your approach. (+LOS)
You can swim through water.
You cover ground slowly.
You can hop short distances.


Message History

The orc misses you.
You hit the orc.
The orc is moderately wounded.
The orc priest invokes the aid of Beogh against you.
Beogh smites you!
* * * LOW HITPOINT WARNING * * *
The orc hits you with a hand axe.
* * * LOW HITPOINT WARNING * * *
Okay, then.
As you read the scroll labeled LYDIUF AMONKOY, it crumbles to dust.
You feel strangely unstable.
It was a scroll of teleportation.
The orc hits you with a hand axe.
* * * LOW HITPOINT WARNING * * *
Unknown command.
It was a potion of might.
You feel very mighty all of a sudden.
It was a potion of agility.
You feel agile all of a sudden. The orc hits you with a hand axe.
You die...

##### #...# #...#
#####...# #.......#
#.......# ######
####.......# #.....
+.@oo.....[# #.....
####.o.....###.....
#..................
#o#............####
#.#............#...
...............รท...
o#+#+######....)#...
.. #.....#... os
#.....#...


You could see 3 orcs.

Vanquished Creatures
  Ijyb (D:2)
  An adder (D:3)
  A dart slug (D:1)
  A leopard gecko (D:1)
  A ball python (D:1)
  5 bats
  A giant cockroach (D:1)
  4 goblins
  5 hobgoblins
  6 jackals
  4 kobolds
  A quokka (D:2)
  3 frilled lizards
  4 rats
38 creatures vanquished.

Notes
Turn   | Place    | Note
-------+----------+-------------------------------------------
     0 | D:1      | kidcy the Barachian Monk began the quest for the Orb.
     0 | D:1      | Reached XP level 1. HP: 18/18 MP: 1/1
   165 | D:1      | Reached skill level 1 in Armour
   165 | D:1      | Reached XP level 2. HP: 20/25 MP: 2/2
   891 | D:2      | Reached XP level 3. HP: 30/30 MP: 3/3
   948 | D:2      | Found a basalt altar of Yredelemnul.
  1477 | D:2      | Found a blossoming altar of Fedhas.
  1664 | D:2      | Noticed Ijyb
  1673 | D:2      | Killed Ijyb
  1673 | D:2      | Reached XP level 4. HP: 30/37 MP: 4/4
  1770 | D:2      | Found a bloodstained altar of Trog.
  1828 | D:2      | Found a white marble altar of Elyvilon.
  2016 | D:3      | Found a burning altar of Makhleb.
  2029 | D:3      | Found a glowing silver altar of Zin.
  2029 | D:3      | Noticed an angel
  2029 | D:3      | Noticed a blizzard demon
  2353 | D:3      | Slain by an orc

Vault maps used:
D:1:      ncdulo_lavacross
D:2:      kennysheep_ying_yang, fedhas_altar_4, lightli_temple_of_fire,
          nrook_mini_vaults, minmay_door_square, uniq_iyjb
D:3:      grunt_temple_overflow_order_and_chaos_2, tso_metal_star, minitemple,
          lemuel_doored_altar

Skill      XL: |  1  2 |
---------------+-------+-----
Armour         | 1 |  1.7
Fighting       | 4 |  4.3
Maces & Flails | 4 |  4.6
Dodging        | |  3.2
Stealth        | |  1.7

Action                   |  1- 3 |  4- 6 || total
-------------------------+-------+-------++-------
Melee: Mace              |    92 |    23 ||   115
 Abil: Hop               |     1 |       ||     1
  Use: Scroll            |     2 |     1 ||     3
       Potion            |       |     2 ||     2
 Stab: Sleeping          |     1 |       ||     1
  Eat: Bread ration      |     1 |       ||     1
       Chunk             |       |     1 ||     1
Armor: Robe              |     6 |       ||     6
       Chain mail        |    55 |       ||    55
       Ring mail         |     5 |       ||     5
       Scale mail        |       |    10 ||    10
Dodge: Dodged            |    57 |    11 ||    68
